 Dungeon Crawl Stone Soup version 0.27-a0-1158-gaa87e14f67 (webtiles) character file.

Game seed: 11593829346434393419

103 roflturtle the Gusty (level 4, 0/36 HPs)
             Began as a Tengu Air Elementalist on Oct 5, 2020.
             Succumbed to an adder's poison
             ... on level 2 of the Dungeon on May 15, 2021.
             The game lasted 00:12:35 (2513 turns).

roflturtle the Gusty (Tengu Air Elementalist)       Turns: 2513, Time: 00:12:35

Health: 0/36       AC: -2    Str:  8    XL:     4   Next: 79%
Magic:  16/17      EV: 12    Int: 16    God:
Gold:   141        SH:  0    Dex: 15    Spells: 3/7 levels left

rFire    . . .     SeeInvis .   p - +0 dagger (venom)
rCold    . . .     Faith    .   (no shield)
rNeg     . . .     Spirit   .   r - +0 robe
rPois    .         Reflect  .   (helmet restricted)
rElec    .         Harm     .   (no cloak)
rCorr    .         Rampage  .   (no gloves)
Will     .....                  (boots unavailable)
Stlth    ..........             (no amulet)
HPRegen  0.12/turn              b - -4 ring of protection
MPRegen  0.15/turn              i - ring of magical power

@: berserking, lethally poisoned (0 -> -8), very quick
A: beak, talons 3
a: no special abilities


You were on level 2 of the Dungeon.
You visited 1 branch of the dungeon, and saw 2 of its levels.

You collected 141 gold pieces.

Inventory:

Hand Weapons
 p - a +0 dagger of venom (weapon)
Armour
 r - a +0 robe (worn)
Jewellery
 b - a -4 ring of protection (left hand)
 d - an amulet of faith
 i - a ring of magical power (right hand)
Scrolls
 c - a scroll of removedness
 e - 3 scrolls of magic mapping {unknown}
 g - 2 scrolls of identify {unknown}
 h - 2 scrolls of teleportation {unknown}
 k - a scroll of immolation {unknown}
 m - a scroll of fear {unknown}
 n - a scroll of enchant armour {unknown}
 o - a scroll of amnesia {unknown}
Potions
 j - a potion of brilliance {unknown}
 q - a potion of heal wounds {unknown}


   Skills:
 - Level 2.1 Dodging
 - Level 2.0 Stealth
 - Level 2.0 Spellcasting
 - Level 5.0 Conjurations
 + Level 5.1 Air Magic


You had 3 spell levels left.
You knew the following spells:

 Your Spells              Type           Power      Damage    Failure   Level
a - Shock                 Conj/Air       68%        1d7       2%          1
b - Swiftness             Air            18%        N/A       8%          3

Your spell library contained the following spells:

 Spells                   Type           Power      Damage    Failure   Level
 Static Discharge         Conj/Air       17%        N/A       4%          2
 Airstrike                Air            9%         N/A       26%         4
 Lightning Bolt           Conj/Air       8%         1d21      58%         5


Dungeon Overview and Level Annotations

Branches:
Dungeon (2/15)

Altars:


Innate Abilities, Weirdness & Mutations

You have a beak for a mouth.
You have claws for feet.


Message History

The adder closely misses you. The adder bites you.
You are poisoned.
The adder poisons you!
You hit the adder but do no damage.
The adder is heavily wounded.
You feel sick. The adder bites you.
You barely miss the adder.
The adder is severely wounded.
You feel sick. The adder misses you.
You miss the adder.
The adder is almost dead.
You feel sick. The adder bites you.
You are more poisoned.
The adder poisons you!
You barely miss the adder. Your kick misses the adder.
The adder is almost dead.
You feel sick. The adder bites you.
* * * LOW HITPOINT WARNING * * *
You are more poisoned.
The adder poisons you! The adder closely misses you.
Casting: Shock (safe; 2% risk of failure)
Confirm with . or Enter, or press ? or * to list all spells.
Aiming: Shock (safe; 2% risk of failure)
Press: ? - help, Shift-Dir - straight line, f - adder
Aim: an adder (almost dead, very poisoned, 53% to hit)
The zap hits the adder.
The adder is almost dead.
* * * LOW HITPOINT WARNING * * *
You feel sick. The adder bites you.
* * * LOW HITPOINT WARNING * * *
It was a potion of berserk rage.
A red film seems to cover your vision as you go berserk!
You feel yourself moving faster!
You feel mighty!
* * * LOW HITPOINT WARNING * * *
You feel very sick.
You kill the adder!
Your Air Magic skill increases to level 5!
You are too berserk!
You feel a strong urge to attack something.
You die...

############.# #.
#......†.....# #.
#..........#### #.
#.............#
######.##..........##.#
........#..........##.##
........#..........##...
......†.########.####..#
..>....@########.....)..
........................
........##...##.....)...
........##..............
........##...####.......
.......?##...# #.......
##########...# #.......
##### ########


There were no monsters in sight!

Vanquished Creatures
  3 adders (D:2)
  An endoplasm (D:1)
  An adder zombie (D:2)
  2 worms (D:2)
  A removed leopard gecko (D:1)
  A ball python (D:2)
  3 giant cockroaches (D:2)
  11 goblins
  10 hobgoblins
  4 jackals
  3 kobolds (D:1)
  3 quokkas
  7 bats
  4 frilled lizards
  2 rats
56 creatures vanquished.

Notes
Turn   | Place    | Note
-------+----------+-------------------------------------------
     0 | D:1      | roflturtle the Tengu Air Elementalist began the quest for
                  | the Orb.
     0 | D:1      | Reached XP level 1. HP: 10/10 MP: 4/4
   387 | D:1      | Reached XP level 2. HP: 6/15 MP: 0/6
   391 | D:1      | Learned a level 3 spell: Swiftness
  1054 | D:1      | Reached XP level 3. HP: 8/19 MP: 5/7
  1704 | D:2      | Reached skill level 5 in Conjurations
  1704 | D:2      | Reached XP level 4. HP: 24/24 MP: 2/8
  1705 | D:2      | Upgraded the game from 0.26-a0-660-gc07710193c to
                  | 0.27-a0-1158-gaa87e14f67
  2512 | D:2      | HP: 1/36 [poisoned by an adder]
  2513 | D:2      | Reached skill level 5 in Air Magic
  2513 | D:2      | Succumbed to an adder's poison

Illustrated notes

Levels and vault maps discovered:
D:1:      sevenhm_arrival_forest_fort_small_6, layout_rooms, st_stairs_12
D:2:      cheibrodos_greedy_goblins, layout_rooms

Skill      XL: |  1  2  3  4 |
---------------+-------------+-----
Conjurations   | 2 3 5 |  5.0
Air Magic      | 5 |  5.1
Dodging        | |  2.1
Stealth        | |  2.0
Spellcasting   | |  2.0

Action                   |  1- 3 |  4- 6 || total
-------------------------+-------+-------++-------
Melee: Short sword       |     6 |       ||     6
       Unarmed           |     4 |       ||     4
       Peck              |     2 |     1 ||     3
       Dagger            |       |    19 ||    19
       Kick              |       |     5 ||     5
 Cast: Shock             |    71 |    25 ||    96
  Use: Potion            |       |     1 ||     1
 Stab: Sleeping          |       |     4 ||     4
Dodge: Dodged            |    28 |    12 ||    40

Table legend: (Time is in decaauts)
 A = Elapsed time spent in this place.
 B = Non-inter-level travel time spent in this place.
 C = Inter-level travel time spent in this place.
 D = Time resting spent in this place.
 E = Time spent auto-exploring this place.
 F = Levels seen in this place.
 G = Mean time per level.
                   A        B        C        D        E       F      G
               +--------+--------+--------+--------+--------+-----+--------+
         Total |   2513 |   2427 |     86 |    774 |   1245 |   2 | 1256.5 |
       Dungeon |   2513 |   2427 |     86 |    774 |   1245 |   2 | 1256.5 |
               +--------+--------+--------+--------+--------+-----+--------+

Top non-repeatable levels by time:
     D:1: 1342 daAuts
     D:2: 1170 daAuts
